AoeStats
← Samta

Migration

509894096Analyzed
1v1 RM · 2d ago on Sep 28, 2026· 61m 56s· 2 players
Game mode
Random Map
Map size
132×132
Population
200
Speed
Normal
Resources
Standard
Victory
Conquest
Starting age
Dark Age
Ending age
Imperial Age
RankedLock teamsTeams togetherTeam positionsShared explorationLock speedFull tech treeHidden civsTurbo modeCheats
Victory
Defeat
🇬🇧 Dravidians · United Kingdom
1084
+16
🇫🇷 Vikings · France
1080
-16
Vlad Tepes
9:44 Feudal Age
8:00 Loom
10:24 Double-Bit Axe
18:26 Castle Age
17:11 Fishing Lines
21:48 Gold Mining
25:12 Fletching
25:22 Padded Archer Armor
25:26 Scale Mail Armor
26:02 Medium Warships
30:03 Bodkin Arrow
32:20 Ballistics
35:24 Imperial Age
33:31 Gillnets
37:18 Chemistry
36:19 Murder Holes
36:40 Careening
37:41 Town Watch
39:47 Elite Longship
40:44 Bracer
42:41 Heavy Warships
44:51 Heavy Warships
47:20 Scale Barding Armor
47:31 Leather Archer Armor
46:53 Capped Ram
58:17 Bogsveigar
Samta
12:09 Feudal Age
12:43 Double-Bit Axe
12:49 Fishing Lines
14:07 Wheelbarrow
13:18 Loom
19:59 Castle Age
18:47 Stone Mining
20:11 Gold Mining
20:03 Horse Collar
21:51 Hand Cart
22:44 Bow Saw
24:33 Gillnets
25:30 Hand Cart
26:22 Medium Warships
27:06 Fletching
28:50 Bodkin Arrow
30:35 Ballistics
30:29 Careening
30:34 Clinker Construction
33:44 Murder Holes
37:53 Imperial Age
35:53 Heavy Plow
39:00 Heavy Warships
39:15 Dry Dock
39:17 Shipwright
42:19 Chemistry
41:42 Carvel Hull
42:24 Bracer
42:26 Elite Cannon Galleon
47:45 Siege Elephant
48:38 Thumb Ring
47:54 Elite Elephant Archer
56:58 Two-Man Saw
59:39 Conscription
59:43 Wootz Steel
60:18 Scale Barding Armor
60:24 Forging
60:16 Padded Archer Armor
Connection lost

Rejoining the realm…

Still unreachable

The connection could not be restored.

Session expired

The server has moved on; the page needs a fresh start.